 Dungeon Crawl Stone Soup version 0.23-a0-408-g9d4b7ed (webtiles) character file.

7462 galech the Cleaver (level 10, -3/82 HPs)
             Began as a Demonspawn Fighter on Nov 8, 2018.
             Was a Believer of Okawaru (penitent).
             Shot with an arrow by a deep elf archer (10 damage)
             ... created by the fury of Okawaru
             ... on level 10 of the Dungeon.
             The game lasted 00:13:32 (9172 turns).

galech the Cleaver (Demonspawn Fighter)             Turns: 9172, Time: 00:13:34

Health: -3/82      AC: 21    Str: 17    XL:     10   Next: 94%
Magic:  28/28      EV:  7    Int:  9    God:    Okawaru [*]
Gold:   459        SH: 11    Dex: 16    Spells: 9/9 levels left

rFire    . . .     SeeInvis .   a - +0 war axe
rCold    . . .     Gourm    .   c - +0 shield
rNeg     . . .     Faith    .   M - +5 chain mail of Eternal Vigilance {MP+9}
rPois    .         Spirit   .   (no helmet)
rElec    .         Reflect  .   F - scarf {cloud immunity}
rCorr    .         Harm     .   n - +2 pair of gloves
MR       .....                  (no boots)
Stlth    ..........             y - amulet of the acrobat
HPRegen  0.23/turn              P - ring of wizardry (curse)
MPRegen  0.21/turn              B - ring of magical power

@: no status effects
A: claws 1, rugged brown scales 3, demonic guardian 1, spiny 1
a: Renounce Religion


You were on level 10 of the Dungeon.
You worshipped Okawaru.
Okawaru was demanding penance.
You were not hungry.

You visited 2 branches of the dungeon, and saw 11 of its levels.

You collected 487 gold pieces.
You spent 28 gold pieces at shops.

Inventory:

Hand Weapons
 a - a +0 war axe (weapon)
Armour
 c - a +0 shield (worn)
 n - a +2 pair of gloves (worn)
 x - a +4 chain mail of fire resistance
 F - a scarf of cloud immunity (worn)
 M - the +5 chain mail of Eternal Vigilance (worn) {MP+9}
   (You found it on level 9 of the Dungeon)

   It affects your magic capacity (+9).
Jewellery
 p - an uncursed ring of flight
 y - an amulet of the acrobat (around neck)
 B - a ring of magical power (right hand)
 I - an uncursed ring of magical power
 P - a cursed ring of wizardry (left hand)
Wands
 r - a wand of digging (3)
 w - a wand of random effects (14)
 C - a wand of clouds (5)
 L - a wand of flame (22)
 O - a wand of polymorph (2)
Scrolls
 d - 3 scrolls of enchant weapon
 j - 7 scrolls of teleportation
 k - 2 scrolls of fear
 l - 3 scrolls of magic mapping
 q - a scroll of amnesia
 s - a scroll of immolation
 u - 2 scrolls of remove curse
 E - a scroll of vulnerability
 G - 3 scrolls of blinking {unknown}
Potions
 b - a potion of cancellation {unknown}
 e - 3 potions of ambrosia {unknown}
 g - a potion of lignification {unknown}
 i - 3 potions of brilliance {unknown}
 m - a potion of haste {unknown}
 t - a potion of might
 v - 2 potions of mutation {unknown}
 z - 4 potions of degeneration {unknown}
 A - 2 potions of flight {unknown}
 D - 3 potions of curing
 H - a potion of agility {unknown}
 J - a potion of magic {unknown}
 N - a potion of resistance {unknown}
Comestibles
 f - 17 rations


   Skills:
 + Level 6.9 Fighting
 + Level 9.9 Axes
 + Level 6.5 Armour
 + Level 3.2 Dodging
 + Level 2.4 Stealth
 + Level 8.2 Shields


You had 9 spell levels left.
You didn't know any spells.
Your spell library was empty.

Dungeon Overview and Level Annotations

Branches:
Dungeon (10/15)            Temple (1/1) D:4            Lair (0/6) D:8
    Orc: D:9-12

Altars:
Ashenzari
Cheibriados
Dithmenos
Elyvilon
Fedhas
Gozag
Hepliaklqana
Kikubaaqudgha
Makhleb
Nemelex Xobeh
Okawaru
Qazlal
Ru
Sif Muna
Trog
Uskayaw
Vehumet
Wu Jian
Xom
Yredelemnul
Zin
The Shining One

Shops:
D:8 =%?


Innate Abilities, Weirdness & Mutations

You have sharp fingernails.
You are completely covered in rugged brown scales. (AC +3, +7% HP)
A weak demonic guardian rushes to your aid.
You are partially covered in sharp spines.


Message History

Your quasit claws the orc warrior but does no damage.
Your quasit barely misses the orc warrior.
You slash the orc warrior!
The orc warrior is severely wounded.
Your quasit bites the orc warrior but does no damage.
Your quasit barely misses the orc warrior.
Your quasit claws the orc warrior but does no damage.
The deep elf archer shoots an arrow.
The arrow hits you.
* * * LOW HITPOINT WARNING * * *
The arrow disappears in a puff of smoke!
The orc warrior closely misses you.
The naga hits your quasit with a +0 hand axe!
The naga grabs your quasit. The naga constricts your quasit.
You hit the orc warrior but do no damage.
The orc warrior is severely wounded.
Your quasit closely misses the orc warrior.
Your quasit barely misses the orc warrior. x2
The orc warrior barely misses you.
The deep elf archer shoots an arrow.
The arrow hits you!
You die...

### ..# #.# #e#
#.# #.# #@#
#####o#####
#...5{....#
.....N.........
..#.#####.#.###
#.# .# # #(# .#
#.# # #.#


You could see a deep elf archer, an orc warrior, a naga and a friendly quasit.

Vanquished Creatures
  2 two-headed ogres (D:8)
  Pikel (D:6)
  A hornet (D:6)
  2 hippogriffs
  2 hungry ghosts
  Duvessa (D:4)
  3 sky beasts
  A slave (D:6)
  An ice beast (D:9)
  An orc warrior (D:8)
  2 ogres
  A black bear (D:8)
  A phantom (D:4)
  Blork the orc (D:4)
  5 bullfrogs
  A gnoll sergeant (D:5)
  Dowan (D:4)
  2 scorpions
  13 killer bees (D:9)
  A howler monkey (D:4)
  A crimson imp (D:3)
  A bullfrog zombie (D:8)
  A centaur zombie (D:10)
  2 orc priests
  4 gnoll shamans
  8 hounds
  A jelly (D:5)
  15 orc wizards
  Ijyb (D:4)
  Natasha (thrice) (D:2)
  3 iguanas
  4 worker ants
  A killer bee zombie (D:9)
  A hound skeleton (D:4)
  39 gnolls
  11 adders
  A howler monkey skeleton (D:4)
  3 shadow imps
  An ooze (D:2)
  2 adder skeletons
  3 worms
  2 dart slugs
  4 leopard geckos
  14 orcs
  4 ball pythons
  10 giant cockroaches
  10 goblins
  7 hobgoblins
  28 jackals
  2 quokkas
  3 bats
  9 frilled lizards
  7 kobolds
  7 rats
256 creatures vanquished.

Vanquished Creatures (collateral kills)
  A two-headed ogre (D:8)
  A spriggan (D:7)
  Menkaure (D:6)
  A slave (D:6)
  An ice beast (D:7)
  An ogre (D:8)
  A centaur (D:9)
  A bullfrog (D:9)
  A killer bee (D:9)
  An orc wizard (D:8)
  An orc (D:8)
11 creatures vanquished.

Grand Total: 267 creatures vanquished

Notes
Turn   | Place    | Note
-------+----------+-------------------------------------------
     0 | D:1      | galech the Demonspawn Fighter began the quest for the Orb.
     0 | D:1      | Reached XP level 1. HP: 18/18 MP: 1/1
   246 | D:1      | Gained mutation: You are partially covered in rugged brown
                  | scales. (AC +1, +3% HP) [demonic ancestry]
   246 | D:1      | Reached XP level 2. HP: 18/24 MP: 2/2
   338 | D:1      | Reached skill level 2 in Axes
   932 | D:2      | Noticed Natasha
   939 | D:2      | Killed Natasha
   939 | D:2      | Gained mutation: You are mostly covered in rugged brown
                  | scales. (AC +2, +5% HP) [demonic ancestry]
   939 | D:2      | Reached XP level 3. HP: 24/30 MP: 3/3
  1046 | D:2      | Reached XP level 4. HP: 16/36 MP: 4/4
  1296 | D:2      | Reached skill level 3 in Axes
  1695 | D:2      | Noticed Natasha
  1702 | D:2      | Killed Natasha
  1702 | D:2      | Gained mutation: You are partially covered in sharp spines.
                  | [demonic ancestry]
  1702 | D:2      | Reached XP level 5. HP: 32/43 MP: 5/5
  1774 | D:2      | Noticed Natasha
  1783 | D:2      | Killed Natasha
  2272 | D:3      | Reached skill level 1 in Dodging
  2441 | D:3      | Gained mutation: You are completely covered in rugged brown
                  | scales. (AC +3, +7% HP) [demonic ancestry]
  2441 | D:3      | Reached XP level 6. HP: 36/50 MP: 6/6
  2926 | D:4      | Reached skill level 4 in Axes
  3140 | D:4      | Reached skill level 5 in Shields
  3198 | D:4      | Noticed Blork the orc
  3218 | D:4      | Killed Blork the orc
  3218 | D:4      | Reached XP level 7. HP: 47/55 MP: 7/7
  3450 | D:4      | Noticed Ijyb
  3452 | D:4      | Noticed Dowan
  3492 | D:4      | Killed Ijyb
  3606 | D:4      | Reached skill level 5 in Axes
  3637 | D:4      | Noticed Duvessa
  3650 | D:4      | Killed Duvessa
  3659 | D:4      | Killed Dowan
  3674 | D:4      | Found a staircase to the Ecumenical Temple.
  3755 | Temple   | Entered the Ecumenical Temple
  4036 | D:5      | Entered Level 5 of the Dungeon
  4320 | D:5      | Reached XP level 8. HP: 18/64 MP: 8/8
  4744 | D:5      | Reached skill level 6 in Axes
  5661 | D:6      | Noticed a hippogriff
  5666 | D:6      | Killed a hippogriff
  5666 | D:6      | Reached skill level 7 in Axes
  5666 | D:6      | Reached skill level 5 in Armour
  5666 | D:6      | Gained mutation: A weak demonic guardian rushes to your
                  | aid. [demonic ancestry]
  5666 | D:6      | Reached XP level 9. HP: 53/70 MP: 9/9
  5833 | D:6      | Noticed Pikel
  5845 | D:6      | Killed Pikel
  5845 | D:6      | Reached skill level 1 in Stealth
  5866 | D:6      | Noticed Menkaure
  5869 | D:6      | Reached skill level 5 in Fighting
  5869 | D:6      | Reached skill level 8 in Axes
  5874 | D:6      | Killed Menkaure
  6055 | D:6      | Found a shattered altar of Ashenzari.
  7211 | D:8      | Found an iron altar of Okawaru.
  7211 | D:8      | Noticed a two-headed ogre
  7224 | D:8      | Killed a two-headed ogre
  7224 | D:8      | Gained mutation: You have sharp fingernails. [demonic
                  | ancestry]
  7224 | D:8      | Reached XP level 10. HP: 51/81 MP: 10/10
  7234 | D:8      | Became a worshipper of Warmaster Okawaru
  7474 | D:8      | Found a staircase to the Lair.
  7731 | D:8      | Reached skill level 9 in Axes
  7751 | D:8      | Noticed a two-headed ogre
  7761 | D:8      | Killed a two-headed ogre
  7935 | D:8      | Found Xyimash's Food Emporium.
  7954 | D:8      | Found Effiug's Jewellery Shoppe.
  8011 | D:8      | Noticed a two-headed ogre
  8019 | D:8      | Killed a two-headed ogre
  8019 | D:8      | Reached * piety under Okawaru
  8122 | D:8      | Found Xatz's Magic Scroll Boutique.
  8129 | D:8      | Bought a scroll of identify for 28 gold pieces
  8469 | D:9      | Reached ** piety under Okawaru
  8505 | D:9      | Got a translucent chain mail
  8516 | D:9      | Identified the +5 chain mail of Eternal Vigilance {MP+9}
                  | (You found it on level 9 of the Dungeon)
  9090 | D:10     | Entered Level 10 of the Dungeon
  9119 | D:10     | Was placed under penance by Okawaru
  9139 | D:10     | Noticed a tengu warrior
  9139 | D:10     | Noticed a tengu warrior
  9139 | D:10     | Noticed a deep elf archer
  9139 | D:10     | Noticed a naga warrior
  9139 | D:10     | Noticed a naga warrior
  9148 | D:10     | HP: 3/82 [naga warrior/+0 halberd[the fury of Okawaru] (4)]
  9172 | D:10     | Shot with an arrow by a deep elf archer

Vault maps used:
D:1:      dpeg_arrival_connections, minivault_4
D:2:      uniq_natasha
D:4:      temple_fountains, uniq_duvessa, uniq_blork_the_orc, uniq_ijyb
D:5:      lemuel_castle_with_subvaults, first_ration
D:6:      minmay_flawed_box, cheibrodos_ashenzari_chains, uniq_menkaure,
          uniq_pikel
D:7:      the_bakery
D:8:      okawaru_ov_weapons_minmay, lair_entry_dummy, serial_shops,
          shop_statue, shop, shop
D:10:     nooodl_food_tri
Temple:   compressed_dpeg_triangle_lava_temple

Skill      XL: |  1  2  3  4  5  6  7  8  9 10 |
---------------+-------------------------------+-----
Armour         | 3 4 5 6 |  6.5
Axes           | 2 3 4 5 7 8 9 |  9.9
Shields        | 3 4 5 6 7 8 |  8.2
Dodging        | 1 2 3 |  3.2
Fighting       | 4 5 6 |  6.9
Stealth        | 1 2 |  2.4

Action                   |  1- 3 |  4- 6 |  7- 9 | 10-12 || total
-------------------------+-------+-------+-------+-------++-------
Melee: War axe           |    92 |   252 |   355 |   203 ||   902
  Use: Potion            |     1 |       |     4 |     2 ||     7
       Scroll            |       |       |     6 |     7 ||    13
 Stab: Distracted        |       |       |       |     4 ||     4
  Eat: Chunk             |     1 |     7 |    12 |     9 ||    29
       Ration            |       |       |       |     1 ||     1
Armor: Scale mail        |    72 |    85 |       |       ||   157
       Plate armour      |       |    53 |    27 |       ||    80
       Chain mail        |       |       |   203 |   123 ||   326
Dodge: Dodged            |    29 |    62 |   111 |    73 ||   275
Block: Shield            |    49 |   149 |   209 |   131 ||   538

Table legend:
 A = Non-vault XP
 B = Vault XP
 C = Vault XP percentage of total XP
 D = Non-vault monster count
 E = Vault monster count
 F = Vault count percentage of total count
                 A         B        C        D         E       F
            +---------+---------+-------+---------+---------+-------
      Total |    8205 |    2455 |  23.0 |     196 |      69 |  26.0
            +---------+---------+-------+---------+---------+-------
        D:1 |      25 |       0 |   0.0 |      14 |       0 |   0.0
        D:2 |     212 |      35 |  14.2 |      36 |       1 |   2.7
        D:3 |     234 |       0 |   0.0 |      35 |       0 |   0.0
        D:4 |     425 |     366 |  46.3 |      17 |       4 |  19.0
        D:5 |     289 |     636 |  68.8 |      15 |      50 |  76.9
        D:6 |    1041 |    1206 |  53.7 |      17 |      12 |  41.4
        D:7 |     152 |     204 |  57.3 |       4 |       1 |  20.0
        D:8 |    3729 |       8 |   0.2 |      25 |       1 |   3.8
        D:9 |    1702 |       0 |   0.0 |      27 |       0 |   0.0
       D:10 |     396 |       0 |   0.0 |       6 |       0 |   0.0
            +---------+---------+-------+---------+---------+-------
